 Dungeon Crawl Stone Soup version 0.21.0-37-g46506fa (webtiles) character file.

1285 microfolk the Cleaver (level 8, 0/73 HPs)
             Began as a Hill Orc Monk on Jan 30, 2018.
             Was a Believer of Beogh.
             Slain by a wight
             ... wielding a +3 halberd
              (4 damage)
             ... on level 6 of the Dungeon.
             The game lasted 00:17:27 (6261 turns).

microfolk the Cleaver (Hill Orc Monk)               Turns: 6261, Time: 00:17:28

Health: 0/73       AC: 11    Str: 16    XL:     8   Next: 55%
Magic:  10/10      EV:  7    Int:  8    God:    Beogh [**....]
Gold:   274        SH:  7    Dex: 13    Spells: 7/7 levels left

rFire    . . .     SeeInvis +   a - +0 war axe
rCold    . . .     Gourm    .   d - +0 shield
rNeg     . . .     Faith    .   n - +0 scale mail
rPois    +         Spirit   .   (no helmet)
rElec    .         Reflect  .   (no cloak)
rCorr    .         Harm     .   (no gloves)
MR       .....                  m - +1 pair of boots
Stlth    ..........             u - amulet of magic regeneration
HPRegen  0.22/turn              j - ring of flight
MPRegen  0.37/turn              s - ring of poison resistance

@: drained
A: fangs 1, thin metallic scales 1, see invisible, deterioration 1, dopey 1
a: Smiting, Renounce Religion, Evoke Flight


You were on level 6 of the Dungeon.
You worshipped Beogh.
Beogh was pleased with you.
You were hungry.

You visited 1 branch of the dungeon, and saw 6 of its levels.

You collected 274 gold pieces.

Inventory:

Hand Weapons
 a - a +0 war axe (weapon)
 b - a +1 hunting sling
Missiles
 h - 43 sling bullets
 i - 132 stones (quivered)
Armour
 d - a +0 shield (worn)
 m - a +1 pair of boots (worn)
 n - a +0 scale mail (worn)
Jewellery
 j - a ring of flight (left hand)
 s - a ring of poison resistance (right hand)
 u - an amulet of magic regeneration (around neck)
Wands
 f - a wand of scattershot (5)
 q - a wand of paralysis (1)
 t - a wand of random effects (2)
Scrolls
 e - a scroll of teleportation {unknown}
 k - a scroll of amnesia {unknown}
 l - 3 scrolls of remove curse
 o - a scroll of fear {unknown}
 r - 2 scrolls of enchant weapon
 y - a scroll of enchant armour {unknown}
Potions
 g - a potion of magic {unknown}
 p - 2 potions of haste
 v - a potion of brilliance {unknown}
 w - a potion of flight {unknown}
 x - a potion of lignification {unknown}
 z - a potion of ambrosia {unknown}
Comestibles
 c - 6 rations


   Skills:
 + Level 7.6(6.5) Fighting
 + Level 8.4(7.2) Axes
 + Level 5.9(4.8) Armour
 - Level 2.4(1.4) Dodging
 - Level 1.5(0.6) Stealth
 + Level 3.2(2.2) Invocations


You had 7 spell levels left.
You didn't know any spells.

Dungeon Overview and Level Annotations

Branches:
Dungeon (6/15)
 Temple: D:4-7

Altars:

Annotations:
D:1 exclusion: downstairs
D:2 Sigmund


Innate Abilities, Weirdness & Mutations

You have very sharp teeth.
You are partially covered in thin metallic scales. (AC +2)
You have supernaturally acute eyesight. (SInv)
Your body sometimes deteriorates upon taking damage.
You are dopey. (Int -2)


Message History

You closely miss the wight. The wight barely misses you.
You closely miss the wight.
The wight hits you with an enchanted halberd.
You feel drained.
You slash the wight!
The wight is heavily damaged.
The wight hits you with an enchanted halberd!
* * * LOW HITPOINT WARNING * * *
You completely miss the wight.
The wight is heavily damaged.
The wight hits you with an enchanted halberd!
* * * LOW HITPOINT WARNING * * *
You feel drained.
* * * LOW HITPOINT WARNING * * *
You barely miss the wight.
The wight is heavily damaged.
The wight hits you with an enchanted halberd!
* * * LOW HITPOINT WARNING * * *
You feel drained.
You die...

...# ###.####### #####.
##.........# c..#z
#....#..##.#### # ....
#....#..##.#... #.##..z
####(..##..##.....
....o##.))####..###.....
#...#..).#.....# #.....
#...#.@..#.....# #.....
#...(.z.##....## #.....
#.#.#.###.....# #.....
#.#.........####.....
..........".'..'..>..
.#.#.........#.##.....
#.#..[........#.#######
# #...#######.....# #
#...# #.....# #


You could see a wight.

Vanquished Creatures
  Edmund (D:6)
  An ice beast (D:6)
  A sky beast (D:5)
  2 ogres (D:4)
  A phantom (D:6)
  A centaur (D:6)
  A scorpion (D:6)
  2 wights (D:6)
  2 crimson imps
  An orc wizard (D:3)
  An iguana (D:6)
  Ijyb (D:3)
  Terence (D:1)
  2 worker ants
  Natasha (thrice) (D:3 D:5)
  6 gnolls
  6 adders
  2 river rats (D:4)
  2 shadow imps
  3 worms
  A dart slug (D:1)
  6 leopard geckos
  7 orcs
  3 giant cockroaches
  5 hobgoblins
  5 jackals
  2 quokkas
  3 ball pythons
  7 bats
  3 frilled lizards
  5 goblins
  7 kobolds
  2 leopard gecko skeletons
  8 rats
104 creatures vanquished.

Vanquished Creatures (others)
  An orc wizard (D:4)
  A worker ant (D:4)
  2 adders (D:4)
  An adder skeleton (D:4)
  An orc (D:4)
6 creatures vanquished.

Grand Total: 110 creatures vanquished

Notes
Turn   | Place    | Note
-------+----------+-------------------------------------------
     0 | D:1      | microfolk the Hill Orc Monk began the quest for the Orb.
     0 | D:1      | Reached XP level 1. HP: 19/19 MP: 1/1
   212 | D:1      | Reached XP level 2. HP: 27/27 MP: 2/2
   215 | D:1      | Reached skill level 1 in Armour
   762 | D:2      | Noticed Terence
   804 | D:1      | Reached XP level 3. HP: 25/33 MP: 3/3
  1347 | D:2      | Reached XP level 4. HP: 40/41 MP: 4/4
  1457 | D:2      | Noticed Sigmund
  1502 | D:1      | Killed Terence
  1502 | D:1      | Reached skill level 5 in Axes
  1867 | D:3      | Gained mutation: You are dopey. (Int -2) [potion of mutation]
  1867 | D:3      | Gained mutation: You have very sharp teeth. [potion of mutation]
  1867 | D:3      | Gained mutation: You have supernaturally acute eyesight. (SInv) [potion of mutation]
  1868 | D:3      | Gained mutation: Your body sometimes deteriorates upon taking damage. [potion of mutation]
  1868 | D:3      | Gained mutation: You are partially covered in thin metallic scales. (AC +2) [potion of mutation]
  1898 | D:3      | Noticed Natasha
  1917 | D:3      | Killed Natasha
  1917 | D:3      | Reached XP level 5. HP: 19/47 MP: 5/5
  2061 | D:3      | Noticed Natasha
  2067 | D:3      | Killed Natasha
  2339 | D:3      | Reached skill level 5 in Fighting
  2652 | D:3      | Noticed Ijyb
  2656 | D:3      | Paralysed by Ijyb for 3 turns
  2666 | D:3      | Paralysed by Ijyb for 5 turns
  2672 | D:3      | Paralysed by Ijyb for 7 turns
  2680 | D:3      | Killed Ijyb
  3012 | D:2      | Reached XP level 6. HP: 53/56 MP: 6/6
  3029 | D:2      | Reached skill level 6 in Axes
  3502 | D:4      | HP: 2/57 [poisoned by an adder]
  3632 | D:4      | Became a worshipper of Beogh the Brigand
  3632 | D:4      | Reached * piety under Beogh
  3632 | D:4      | Reached ** piety under Beogh
  4309 | D:4      | Reached XP level 7. HP: 45/63 MP: 7/7
  4565 | D:5      | Entered Level 5 of the Dungeon
  4717 | D:5      | Noticed Natasha
  4730 | D:5      | Killed Natasha
  4730 | D:5      | Reached skill level 7 in Axes
  5522 | D:6      | Noticed Edmund
  5663 | D:6      | Killed Edmund
  5663 | D:6      | Reached skill level 5 in Armour
  5938 | D:5      | Reached skill level 1 in Invocations
  5938 | D:5      | Reached XP level 8. HP: 52/73 MP: 8/8
  6121 | D:6      | Reached skill level 8 in Axes
  6261 | D:6      | Slain by a wight

Skill      XL: |  1  2  3  4  5  6  7  8 |
---------------+-------------------------+-----
Armour         | 1 2 3 4 5 |  5.9
Fighting       | 4 5 6 7 |  7.6
Axes           | 5 6 7 8 |  8.4
Invocations    | 1 3 |  3.2
Dodging        | |  2.4
Stealth        | |  1.5

Action                   |  1- 3 |  4- 6 |  7- 9 || total
-------------------------+-------+-------+-------++-------
Melee: Hand axe          |   104 |   268 |   113 ||   485
       Bite              |       |    20 |    18 ||    38
       War axe           |       |       |    86 ||    86
 Fire: Hunting sling     |       |       |     2 ||     2
Invok: Convert to Beogh  |       |     1 |       ||     1
Evoke: Wand              |       |       |     3 ||     3
  Use: Scroll            |     2 |     2 |     2 ||     6
       Potion            |       |     3 |       ||     3
 Stab: Paralysed         |       |       |    10 ||    10
  Eat: Chunk             |     1 |     8 |     1 ||    10
       Ration            |       |     1 |     1 ||     2
Armor: Ring mail         |    44 |    15 |       ||    59
       Robe              |     1 |       |       ||     1
       Scale mail        |       |    95 |    61 ||   156
Dodge: Dodged            |    92 |    88 |    43 ||   223
Block: Shield            |       |    76 |    67 ||   143
